 Dungeon Crawl Stone Soup version 0.26.0-16-gc1dbca0489 (webtiles) character file.

Game seed: 10347681397750104118

30 112233 the Sneak (level 3, -7/25 HPs)
             Began as an Octopode Brigand on Jan 19, 2021.
             Mangled by an iguana (9 damage)
             ... on level 2 of the Dungeon.
             The game lasted 00:00:46 (784 turns).

112233 the Sneak (Octopode Brigand)                  Turns: 784, Time: 00:00:46

Health: -7/25      AC:  1    Str: 11    XL:     3   Next: 18%
Magic:  3/3        EV: 13    Int: 13    God:
Gold:   68         SH:  0    Dex: 13    Spells: 2/2 levels left

rFire    . . .     SeeInvis .   a - +2 dagger
rCold    . . .     Faith    .   (no shield)
rNeg     . . .     Spirit   .   (helmet restricted)
rPois    .         Reflect  .   (no amulet)
rElec    .         Harm     .   (no ring)
rCorr    .         Rampage  .   (no ring)
Will     .....                  (no ring)
Stlth    ++++......             (no ring)
HPRegen  0.08/turn              (no ring)
MPRegen  0.08/turn              (no ring)
                                (no ring)
                                (no ring)

@: no status effects
A: almost no armour, stealthy swim, amphibious, 8 rings, constrict 8, camouflage
1, gelatinous body 1
a: no special abilities


You were on level 2 of the Dungeon.
You visited 1 branch of the dungeon, and saw 2 of its levels.

You collected 68 gold pieces.

Inventory:

Hand Weapons
 a - a +2 dagger (weapon)
Missiles
 b - 8 poisoned darts (quivered)
 c - 2 curare-tipped darts
Jewellery
 j - an uncursed amulet of reflection {unknown}
Scrolls
 d - 2 scrolls of teleportation {unknown}
 e - 2 scrolls of amnesia {unknown}
 k - a scroll of magic mapping {unknown}
 n - a scroll of fear {unknown}
Potions
 g - a potion of berserk rage {unknown}
 h - a potion of flight {unknown}
 i - a potion of cancellation {unknown}
 l - a potion of lignification {unknown}
 m - a potion of brilliance {unknown}


   Skills:
 + Level 2.4 Fighting
 + Level 2.4 Short Blades
 - Level 2.0 Throwing
 + Level 1.6 Dodging
 + Level 5.7 Stealth


You had 2 spell levels left.
You didn't know any spells.
Your spell library was empty.

Dungeon Overview and Level Annotations

Branches:
Dungeon (2/15)

Altars:


Innate Abilities, Weirdness & Mutations

You cannot wear most types of armour.
You are very stealthy in the water. (Stealth+)
You are amphibious.
You can wear up to eight rings at the same time.
You can use your tentacles to constrict eight enemies at once.
Your skin changes colour to match your surroundings (Stealth+).
Your rubbery body absorbs attacks. (AC +1, EV +1)


Message History

The iguana hisses angrily.
An iguana is nearby!
An iguana is nearby!
The iguana closely misses you.
Found a leather armour.
You hit the iguana but do no damage. Your grab misses the iguana.
The iguana closely misses you.
You closely miss the iguana. Your grab misses the iguana.
Your squeeze misses the iguana. The iguana bites you.
You closely miss the iguana. Your grab misses the iguana.
You hit the iguana but do no damage. Your grab misses the iguana.
Your squeeze misses the iguana. The iguana bites you!
Ouch! That really hurt!
* * * LOW HITPOINT WARNING * * *
You aren't carrying any items that you can evoke.
Unknown command.
As you read the scroll labelled GAAQUF RUIRO, it crumbles to dust.
You feel blessed for a moment.
It was a scroll of remove curse.
The iguana bites you!
You die...

.. #.. #. #.# ##.
#.# .. ##.##
#.##...##
#.#.....####
#.<.(...[..####..
#.#[....##.......
#....@l....#
#####.####.#
#...[........#
######......##
########


You could see an iguana.

Vanquished Creatures
  A leopard gecko (D:1)
  8 bats
  A giant cockroach (D:1)
  A goblin (D:1)
  5 hobgoblins
  5 kobolds (D:1)
  8 rats
29 creatures vanquished.

Notes
Turn   | Place    | Note
-------+----------+-------------------------------------------
     0 | D:1      | 112233 the Octopode Brigand began the quest for the Orb.
     0 | D:1      | Reached XP level 1. HP: 14/14 MP: 1/1
   174 | D:1      | Reached XP level 2. HP: 19/19 MP: 2/2
   584 | D:1      | Reached XP level 3. HP: 25/25 MP: 3/3
   778 | D:2      | HP: 1/25 [iguana (15)]
   784 | D:2      | Mangled by an iguana

Illustrated notes

Levels and vault maps discovered:
D:1:      arrival_zaba_pyramid, layout_basic
D:2:      layout_loops_ring

Action                   || total
-------------------------++-------
Melee: Dagger            ||    52
       Constrict         ||     8
       Tentacles         ||     5
  Use: Scroll            ||     1
 Stab: Sleeping          ||    12
Armor: Skin              ||     6
Dodge: Dodged            ||    24
